[Event "Titled Tuesday Blitz January 17 Late 2023"]
[White "Haydon, David L"]
[Black "Melikhov, Evgeny V."]
[WhiteFideId "415405"]
[BlackFideId "4122046"]
[WhiteElo "2253"]
[BlackElo "2269"]
[Result "0-1"]
[Round "01"]
[TimeControl "180+2"]
[Date "2023.01.17"]
[WhiteClock "0:01:30"]
[BlackClock "0:00:16"]

1. d4 Nf6 2. c4 e6 3. Nc3 Bb4 4. f3 d5 5. e3 c6 6. a3 Bxc3+ 7. bxc3 O-O 8. Bd3 b6 9. Ne2 Ba6 10. cxd5 Bxd3 11. Qxd3 cxd5 12. c4 dxc4 13. Qxc4 Qd5 14. Qd3 Rc8 15. e4 Qc4 16. Qxc4 Rxc4 17. Be3 Nc6 18. Kf2 Na5 19. Rhc1 Rac8 20. Rxc4 Rxc4 21. Rd1 Rc2 22. d5 exd5 23. e5 Ne8 24. Rxd5 Kf8 25. Rd7 Rc7 26. Rxc7 Nxc7 27. Bd2 Nc4 28. Bb4+ Ke8 29. Nd4 Kd7 30. f4 a5 31. Bf8 g6 32. g4 Ne6 33. Nxe6 Kxe6 34. Kf3 g5 35. fxg5 Kxe5 36. h4 b5 37. h5 Nd6 38. Ke3 b4 39. axb4 axb4 40. Bg7+ Kd5 41. Kf4 b3 42. Ba1 Ke6 43. Bc3 Nc4 44. g6 fxg6 45. Kg5 gxh5 46. Kxh5 Kf7 47. Kh6 Kg8 48. g5 b2 49. Bxb2 Nxb2 50. Kh5 Kg7 51. g6 hxg6+ 52. Kg5 Nc4 53. Kf4 Nd6 54. Kg5 Kf7 55. Kf4 Kf6 56. Kg4 g5 57. Kg3 Kg6 58. Kh3 Kf5 59. Kg3 g4 60. Kg2 Kg5 61. Kf2 Kf4 62. Kg2 g3 63. Kg1 Kg4 64. Kh1 Kf3 65. Kg1 g2 66. Kh2 Ne4 67. Kh3 Kf2 68. Kh4 g1=Q 69. Kh5 Qg3 70. Kh6 Qg5+ 71. Kh7 Nf6+ 72. Kh8 Qg8# 0-1


[Site "https://www.chess.com"]

[Event "Titled Tuesday Blitz January 17 Late 2023"]
[White "Kostiukov, Alexandr"]
[Black "Ozer, Omer Faruk"]
[WhiteFideId "14108100"]
[BlackFideId "6354564"]
[WhiteElo "2271"]
[BlackElo "2360"]
[Result "0-1"]
[Round "01"]
[TimeControl "180+2"]
[Date "2023.01.17"]
[WhiteClock "0:00:16"]
[BlackClock "0:01:44"]

1. e4 Nf6 2. Qe2 d6 3. g3 g6 4. Bg2 Bg7 5. Nf3 O-O 6. O-O c5 7. c3 Nc6 8. d4 cxd4 9. cxd4 Bg4 10. Qd3 Nd7 11. Nc3 Bxf3 12. Bxf3 Nxd4 13. Bg2 Rc8 14. Be3 e5 15. Bxd4 exd4 16. Nd5 Re8 17. Rac1 Nc5 18. Qb1 a5 19. b4 axb4 20. Qxb4 Ra8 21. Qb1 Qa5 22. Rfd1 Red8 23. Nb4 Na4 24. Qb3 Nc3 25. Rc2 Nxd1 26. e5 Nc3 27. Bxb7 Qxe5 28. Bxa8 Rxa8 29. Nc6 Qe1+ 30. Kg2 Qe4+ 31. f3 Qxc6 0-1


[Site "https://www.chess.com"]

[Event "Titled Tuesday Blitz January 17 Late 2023"]
[White "Djokic, Mihailo"]
[Black "Hoffmann, Asa"]
[WhiteFideId "976440"]
[BlackFideId "2001470"]
[WhiteElo "2192"]
[BlackElo "2185"]
[Result "1-0"]
[Round "01"]
[TimeControl "180+2"]
[Date "2023.01.17"]
[WhiteClock "0:00:52"]
[BlackClock "0:01:13"]

1. e4 d6 2. d4 Nf6 3. Nc3 c6 4. f4 Qa5 5. e5 Ne4 6. Bd3 Bf5 7. Ne2 d5 8. O-O e6 9. Bxe4 dxe4 10. Ng3 Nd7 11. Ncxe4 O-O-O 12. Nxf5 exf5 13. Ng3 g6 14. c3 Nb6 15. Qb3 Qd5 16. Qc2 c5 17. Be3 cxd4 18. cxd4+ Kb8 19. b3 Ba3 20. Qd2 Rc8 21. Rfd1 h5 22. h3 Rc6 23. Bf2 Rhc8 24. Nf1 Rc2 25. Qd3 Qe4 26. Qxe4 fxe4 27. d5 Bc5 28. Bxc5 R8xc5 29. d6 Kc8 30. Ne3 Kd7 31. Nxc2 Rxc2 32. Rac1 Rxc1 33. Rxc1 Nd5 34. Kf2 f6 35. g3 h4 36. gxh4 Nxf4 37. Rc7+ Kd8 38. exf6 e3+ 39. Kxe3 Nd5+ 40. Kd4 Nxf6 41. Rxb7 1-0


[Site "https://www.chess.com"]

[Event "Titled Tuesday Blitz January 17 Late 2023"]
[White "Seletsky, Grigory"]
[Black "Rostomyan, Mikayel"]
[WhiteFideId "14112191"]
[BlackFideId "13313754"]
[WhiteElo "2259"]
[BlackElo "2222"]
[Result "0-1"]
[Round "01"]
[TimeControl "180+2"]
[Date "2023.01.17"]
[WhiteClock "0:00:17"]
[BlackClock "0:00:14"]

1. e4 d6 2. d4 Nf6 3. Nc3 e5 4. Nf3 exd4 5. Nxd4 Be7 6. g3 O-O 7. Bg2 Re8 8. O-O Bf8 9. h3 Nbd7 10. Re1 Nc5 11. g4 c6 12. a4 a5 13. b3 g6 14. Bf4 Ne6 15. Be3 Nc5 16. Bf4 Bg7 17. Qd2 h5 18. g5 Nh7 19. h4 Nf8 20. Rad1 Nfe6 21. Be3 Qc7 22. f4 Nxd4 23. Bxd4 Bg4 24. Rc1 Bxd4+ 25. Qxd4 Ne6 26. Qf2 d5 27. exd5 Nxf4 28. d6 Qxd6 29. Ne4 Rxe4 30. Rxe4 Nxg2 31. Qxg2 Bf5 32. Re3 Qd4 33. Qf2 Kh7 34. Rce1 Qg4+ 35. Qg3 Qd4 36. c3 Qb6 37. Qf2 Qxb3 38. Re7 Rd8 39. R1e5 Rd1+ 40. Kh2 Qb1 41. Rxf7+ Kg8 42. Rfxf5 Rh1+ 43. Kg2 gxf5 44. Rxf5 Qe4+ 45. Qf3 Qxf3+ 46. Kxf3 Rxh4 47. Rxa5 Rc4 48. Ra7 Rxc3+ 49. Kf4 Rb3 50. Kf5 Kg7 51. a5 Rb5+ 52. Kf4 Kg6 53. a6 Rb4+ 54. Kg3 bxa6 55. Rxa6 Rc4 56. Ra5 h4+ 57. Kh3 Kh5 58. Re5 Rc3+ 59. Kh2 c5 60. Rd5 c4 61. Rc5 Rc1 62. Kg2 c3 63. Kh2 Kg6 64. Rc4 Kh5 65. Rc5 Kg6 66. Rc4 Kxg5 67. Rc5+ Kf4 68. Rc4+ Ke3 69. Rxh4 c2 70. Rc4 Kd3 71. Rc8 Rd1 72. Rd8+ Ke3 73. Re8+ Kf4 74. Rf8+ Ke5 75. Re8+ Kf6 76. Rf8+ Ke7 77. Rc8 c1=Q 78. Rxc1 Rxc1 79. Kg3 Rc5 80. Kf4 Kd6 81. Ke4 Ra5 82. Kd4 Ra4+ 83. Kc3 Rg4 84. Kb3 Kc5 85. Ka3 Kb5 0-1


[Site "https://www.chess.com"]

[Event "Titled Tuesday Blitz January 17 Late 2023"]
[White "Flores Quillas, Diego Saul Rodri"]
[Black "Rian, Kapriaga"]
[WhiteFideId "3822508"]
[BlackFideId "7103263"]
[WhiteElo "2359"]
[BlackElo "2089"]
[Result "1-0"]
[Round "01"]
[TimeControl "180+2"]
[Date "2023.01.17"]
[WhiteClock "0:00:32"]
[BlackClock "0:00:02"]

1. e4 c6 2. d4 d5 3. Nc3 dxe4 4. Nxe4 Bf5 5. Ng3 Bg6 6. h4 h6 7. h5 Bh7 8. Nf3 Nd7 9. Bd3 Bxd3 10. Qxd3 e6 11. Bd2 Ngf6 12. O-O-O Be7 13. Ne4 O-O 14. Kb1 c5 15. g4 Nxg4 16. Qe2 cxd4 17. Rhg1 f5 18. Nxd4 Qb6 19. Bc3 Rac8 20. Nxf5 exf5 21. Rxd7 Rf7 22. Rgd1 fxe4 23. Bxg7 Rxg7 24. Rxe7 Rc7 25. Rd8+ Kh7 26. Qxe4+ 1-0


[Site "https://www.chess.com"]

[Event "Titled Tuesday Blitz January 17 Late 2023"]
[White "Dardha, Arben"]
[Black "Kleiman, Jake"]
[WhiteFideId "4700481"]
[BlackFideId "2020041"]
[WhiteElo "2262"]
[BlackElo "2399"]
[Result "0-1"]
[Round "01"]
[TimeControl "180+2"]
[Date "2023.01.17"]
[WhiteClock "0:01:06"]
[BlackClock "0:01:35"]

1. e4 e5 2. d4 exd4 3. Qxd4 Nc6 4. Qe3 Nf6 5. Bd2 Bb4 6. Nc3 O-O 7. O-O-O Re8 8. Qg3 Rxe4 9. a3 Bxc3 10. Bxc3 d6 11. Bd3 Re8 12. Nf3 Nh5 13. Qg5 Qxg5+ 14. Nxg5 h6 15. Nf3 Nf4 16. Bc4 Bg4 17. h3 Bxf3 18. gxf3 Ne5 19. Bb3 Nxf3 20. Bd5 Ne2+ 21. Kb1 Nxc3+ 22. bxc3 Ne5 23. f4 Nd7 24. Rhg1 Kf8 25. Kc1 Rab8 26. Rde1 Rxe1+ 27. Rxe1 c6 28. Bf3 Re8 29. Rd1 Ke7 30. c4 Nc5 31. Kb2 Kd7 32. Bg4+ Kc7 33. Kc3 Re3+ 34. Kb4 Kb6 0-1


[Site "https://www.chess.com"]

[Event "Titled Tuesday Blitz January 17 Late 2023"]
[White "Hamitevici, Vladimir"]
[Black "Quinones Garcia, Santiago"]
[WhiteFideId "13902393"]
[BlackFideId "4408497"]
[WhiteElo "2496"]
[BlackElo "2248"]
[Result "1-0"]
[Round "01"]
[TimeControl "180+2"]
[Date "2023.01.17"]
[WhiteClock "0:02:19"]
[BlackClock "0:01:30"]

1. e4 e5 2. Nf3 Nc6 3. Be2 Nf6 4. d3 Bc5 5. c3 h6 6. b4 Bd6 7. Nbd2 O-O 8. Nc4 Qe7 9. a4 Nd8 10. b5 Re8 11. O-O c6 12. Nxd6 Qxd6 13. Ba3 Qe6 14. Re1 a6 15. bxa6 Rxa6 16. d4 Ra8 17. Nxe5 d6 18. Bc4 d5 19. Bb3 Nd7 20. exd5 cxd5 21. Nf3 1-0


[Site "https://www.chess.com"]

[Event "Titled Tuesday Blitz January 17 Late 2023"]
[White "Adury, Anant"]
[Black "Leiva, Gianmarco"]
[WhiteFideId "30964687"]
[BlackFideId "3804399"]
[WhiteElo "2123"]
[BlackElo "2392"]
[Result "0-1"]
[Round "01"]
[TimeControl "180+2"]
[Date "2023.01.17"]
[WhiteClock "0:01:26"]
[BlackClock "0:00:43"]

1. Nf3 Nf6 2. c4 e6 3. Nc3 d5 4. e3 a6 5. cxd5 exd5 6. d4 b6 7. Bd3 Bb7 8. O-O Nbd7 9. b3 Bd6 10. Bb2 O-O 11. Ne2 Qe7 12. Rc1 Ne4 13. Ng3 Nxg3 14. hxg3 Rac8 15. Qe2 Ra8 16. Qc2 g6 17. g4 Rac8 18. g5 Kg7 19. g3 Rh8 20. Kg2 h6 21. gxh6+ Rxh6 22. Rh1 Rxh1 23. Rxh1 Rh8 24. Rxh8 Kxh8 25. Qe2 a5 26. Ba6 Bxa6 27. Qxa6 Kg7 28. Qb7 Qe4 29. Qa6 g5 30. Qc8 Nf6 31. g4 Nxg4 0-1


[Site "https://www.chess.com"]

[Event "Titled Tuesday Blitz January 17 Late 2023"]
[White "UnknownMagician"]
[Black "Smith, Garrett L"]
[BlackFideId "2024829"]
[WhiteElo "2629"]
[BlackElo "2047"]
[Result "1-0"]
[Round "01"]
[TimeControl "180+2"]
[Date "2023.01.17"]
[WhiteClock "0:00:57"]
[BlackClock "0:00:28"]

1. c4 c5 2. Nf3 Nc6 3. g3 e5 4. Nc3 Nf6 5. d3 d6 6. Bg2 Be7 7. O-O h6 8. Ne1 Be6 9. Nc2 d5 10. cxd5 Nxd5 11. Ne3 Nxe3 12. Bxe3 O-O 13. Bxc6 bxc6 14. Ne4 c4 15. dxc4 Bxc4 16. Qxd8 Rfxd8 17. Rfe1 Bb4 18. Nc3 a5 19. Rac1 Rab8 20. b3 Be6 21. Red1 f5 22. f3 Kf7 23. Na4 g5 24. Bc5 Rxd1+ 25. Rxd1 Bd5 26. Kf2 Bxc5+ 27. Nxc5 Rb5 28. Na4 e4 29. fxe4 fxe4 30. Ke3 Ke6 31. Rf1 Ke5 32. Rf8 Rb7 33. Rh8 Rf7 34. Rxh6 Rf1 35. Nc5 Ra1 36. g4 Bf7 37. Rxc6 Rxa2 38. Nxe4 Ra3 39. Rc5+ Ke6 40. Nxg5+ Kd6 41. Ne4+ Kd7 42. h4 a4 43. Ra5 Rxb3+ 44. Kf4 a3 45. h5 Rh3 46. Ra7+ Ke8 47. Nd6+ 1-0


[Site "https://www.chess.com"]

[Event "Titled Tuesday Blitz January 17 Late 2023"]
[White "Gerbelli Neto, Eduardo"]
[Black "Atanasov, Anthony"]
[WhiteFideId "2103281"]
[BlackFideId "2623897"]
[WhiteElo "2114"]
[BlackElo "2368"]
[Result "0-1"]
[Round "01"]
[TimeControl "180+2"]
[Date "2023.01.17"]
[WhiteClock "0:01:14"]
[BlackClock "0:01:01"]

1. e4 e5 2. Nf3 Nf6 3. Bc4 Nxe4 4. Nc3 Nc6 5. Nxe4 d5 6. Bb5 dxe4 7. Nxe5 Qg5 8. d4 Qxg2 9. Rf1 a6 10. Bxc6+ bxc6 11. Bf4 Bh3 12. Qe2 Qxf1+ 13. Qxf1 Bxf1 14. Kxf1 Bd6 15. Bg3 f6 16. Nxc6 Kd7 17. Bxd6 cxd6 18. Na5 Rab8 19. b3 d5 20. c4 Rhc8 21. c5 Rb5 22. c6+ Ke7 23. Nb7 Rxc6 24. Nc5 Rcxc5 25. dxc5 Rxc5 26. Ke2 d4 27. Kd2 Kd6 28. a3 f5 29. b4 Rc3 30. a4 f4 31. b5 axb5 32. axb5 Rb3 33. Ra7 Rb2+ 34. Ke1 d3 35. Rxg7 e3 36. fxe3 fxe3 0-1


[Site "https://www.chess.com"]

[Event "Titled Tuesday Blitz January 17 Late 2023"]
[White "Pershin, Denis"]
[Black "Rios Escobar, Adan"]
[WhiteFideId "24165506"]
[BlackFideId "3403645"]
[WhiteElo "2366"]
[BlackElo "2234"]
[Result "1-0"]
[Round "01"]
[TimeControl "180+2"]
[Date "2023.01.17"]
[WhiteClock "0:00:30"]
[BlackClock "0:00:01"]

1. d4 Nf6 2. c4 g6 3. Nc3 Bg7 4. e4 d6 5. f4 O-O 6. Nf3 c5 7. d5 e6 8. Be2 exd5 9. exd5 Bf5 10. O-O Ne4 11. Nxe4 Bxe4 12. Ng5 Bf5 13. Bd3 Qf6 14. Be3 Bxd3 15. Qxd3 Na6 16. Ne4 Qe7 17. Rae1 Qd7 18. f5 Be5 19. Bf4 Bd4+ 20. Kh1 Nb4 21. Qg3 Rfe8 22. Nxd6 Rxe1 23. Rxe1 Bf2 24. Qxf2 Nd3 25. Qe3 Nxe1 26. Qxe1 g5 27. Bg3 h5 28. h4 gxh4 29. Bxh4 Qxd6 30. Qe2 Qh6 31. Qf2 b6 32. Be7 Re8 33. d6 Qc1+ 34. Kh2 1-0


[Site "https://www.chess.com"]

[Event "Titled Tuesday Blitz January 17 Late 2023"]
[White "Almagro Mazariegos, Sebastian"]
[Black "Yedidia, Daniel"]
[WhiteFideId "2221640"]
[BlackFideId "30905907"]
[WhiteElo "2280"]
[BlackElo "2041"]
[Result "0-1"]
[Round "01"]
[TimeControl "180+2"]
[Date "2023.01.17"]
[WhiteClock "0:00:09"]
[BlackClock "0:00:38"]

1. d4 Nf6 2. Nf3 b6 3. g3 Bb7 4. Bg2 e6 5. O-O Be7 6. c4 O-O 7. Nc3 d5 8. Ne5 Qc8 9. cxd5 Nxd5 10. Nxd5 exd5 11. Bf4 Nd7 12. Rc1 Nxe5 13. Bxe5 Bd8 14. Qc2 Qd7 15. Rfd1 Rc8 16. b4 Be7 17. Qb3 c6 18. a4 Ba6 19. e4 Bc4 20. Rxc4 dxc4 21. Qxc4 b5 22. Qb3 bxa4 23. Qxa4 Qb7 24. Rb1 Rfd8 25. d5 cxd5 26. exd5 Bd6 27. Bd4 Rc4 28. Qxa7 Qxa7 29. Bxa7 Rxb4 30. Ra1 Ra8 0-1


[Site "https://www.chess.com"]

[Event "Titled Tuesday Blitz January 17 Late 2023"]
[White "Aggelis, Nikolaos"]
[Black "Mazurkiewicz, Michal"]
[WhiteFideId "4213220"]
[BlackFideId "1124943"]
[WhiteElo "2270"]
[BlackElo "2145"]
[Result "1/2-1/2"]
[Round "01"]
[TimeControl "180+2"]
[Date "2023.01.17"]
[WhiteClock "0:00:16"]
[BlackClock "0:00:06"]

1. Nf3 Nf6 2. g3 g6 3. Bg2 Bg7 4. O-O O-O 5. d4 d6 6. b3 Nbd7 7. Bb2 Re8 8. Nbd2 e5 9. e4 c6 10. dxe5 dxe5 11. Re1 b5 12. a4 Bb7 13. c4 Nc5 14. Nxe5 Ng4 15. Qxg4 Qxd2 16. Re2 Qd6 17. f4 Nxb3 18. Rf1 Nd4 19. Ref2 bxa4 20. Nd3 a3 21. e5 Qd8 22. Bxa3 Nc2 23. Bd6 Ne3 24. Qf3 Nxf1 25. Rxf1 Qd7 26. Nc5 Qc8 27. Nxb7 Qxb7 28. Qxc6 Qb3 29. Qb5 Qxb5 30. cxb5 Rac8 31. Bc6 Red8 32. Rc1 Bf8 33. Ra1 Bxd6 34. exd6 Rxd6 35. Rxa7 Rd2 36. Ra1 Rcd8 37. Kf1 Rd1+ 38. Rxd1 Rxd1+ 39. Ke2 Rb1 40. Kd3 Kf8 41. Kc4 Ke7 42. Kc5 Kd8 43. b6 Rc1+ 44. Kd6 Rd1+ 45. Bd5 Kc8 46. g4 Rd2 47. h4 Rg2 48. g5 Rg4 49. Ke5 Rxh4 50. Bxf7 Kb7 51. Kf6 Kxb6 52. Kg7 Rxf4 53. Bg8 Rh4 54. Bxh7 Rg4 55. Kh6 Rh4+ 56. Kxg6 Rg4 57. Kf6 Rxg5 58. Kxg5 1/2-1/2


[Site "https://www.chess.com"]

[Event "Titled Tuesday Blitz January 17 Late 2023"]
[White "Vasques, Antonio Pedro Freixial"]
[Black "Klose, Eli"]
[WhiteFideId "1908332"]
[BlackFideId "16242955"]
[WhiteElo "2214"]
[BlackElo "1519"]
[Result "1-0"]
[Round "01"]
[TimeControl "180+2"]
[Date "2023.01.17"]
[WhiteClock "0:00:14"]
[BlackClock "0:00:03"]

1. e4 e6 2. d4 d5 3. Nd2 Be7 4. Ngf3 Nf6 5. e5 Nfd7 6. Bd3 c5 7. c3 Nc6 8. O-O a5 9. Re1 g5 10. h3 h5 11. dxc5 g4 12. hxg4 hxg4 13. Nd4 Ncxe5 14. Bb5 Kf8 15. c6 bxc6 16. Nxc6 Nxc6 17. Bxc6 Rb8 18. Bxd7 Bxd7 19. Qxg4 Rg8 20. Qf3 Qc7 21. Nb3 Bd6 22. Nd4 e5 23. Bh6+ Ke8 24. Qxd5 Rg6 25. Bd2 Rxb2 26. Bc1 Qb7 27. Qxb7 Rxb7 28. Nf3 f6 29. Be3 Bc6 30. Kf1 Rbg7 31. Nh4 Bb5+ 32. Kg1 Rg4 33. Rab1 Bc4 34. Rb6 Bc7 35. Rc6 Kd7 36. Rc5 Bb6 37. Rd1+ Ke7 38. Rc6 Bxe3 39. fxe3 Rxh4 40. Rc7+ Ke8 41. Rxg7 e4 42. Rd4 Bd3 43. Rd5 Kf8 44. Ra7 Ke8 45. Rdxa5 Rg4 46. Rc5 f5 47. Rc8# 1-0


[Site "https://www.chess.com"]

[Event "Titled Tuesday Blitz January 17 Late 2023"]
[White "Riff, Vincent"]
[Black "Vifleemskaia, Svetlana"]
[WhiteFideId "617776"]
[BlackFideId "4129490"]
[WhiteElo "2383"]
[BlackElo "1971"]
[Result "0-1"]
[Round "01"]
[TimeControl "180+2"]
[Date "2023.01.17"]
[WhiteClock "0:02:04"]
[BlackClock "0:00:16"]

1. e4 e5 2. Nf3 Nc6 3. Bb5 a6 4. Ba4 Nf6 5. O-O Be7 6. d3 b5 7. Bb3 d6 8. a4 b4 9. a5 O-O 10. h3 Be6 11. Nbd2 Bxb3 12. Nxb3 Re8 13. Re1 d5 14. Bg5 dxe4 15. dxe4 Qxd1 16. Raxd1 Rad8 17. Bxf6 gxf6 18. Nh4 Rxd1 19. Rxd1 Rd8 20. Rxd8+ Nxd8 21. Nf5 Bd6 22. Kf1 Kf8 23. Ke2 Ke8 24. Kd3 Kd7 25. Kc4 Nc6 26. Kd5 Na7 27. g4 Nc6 28. h4 Nb8 29. Ne3 Nc6 30. Nc4 Ne7# 0-1


[Site "https://www.chess.com"]

[Event "Titled Tuesday Blitz January 17 Late 2023"]
[White "Benmesbah, Natacha"]
[Black "Kavutskiy, Konstantin"]
[WhiteFideId "642002"]
[BlackFideId "2026384"]
[WhiteElo "2261"]
[BlackElo "2414"]
[Result "0-1"]
[Round "01"]
[TimeControl "180+2"]
[Date "2023.01.17"]
[WhiteClock "0:00:17"]
[BlackClock "0:00:17"]

1. e4 Nc6 2. d4 d6 3. f4 e5 4. Nf3 exd4 5. Nxd4 Nf6 6. Nc3 g6 7. Be3 Bg7 8. Nxc6 bxc6 9. Be2 O-O 10. O-O Re8 11. Bf3 Bb7 12. Qd3 Qe7 13. Rae1 a5 14. Qd2 Rad8 15. Bd4 c5 16. Bxf6 Qxf6 17. Nd5 Bxd5 18. exd5 Qd4+ 19. Qxd4 Bxd4+ 20. Kh1 Bxb2 21. f5 Bc3 22. Rxe8+ Rxe8 23. fxg6 hxg6 24. g3 Kg7 25. Kg2 Rb8 26. Be4 Rb2 27. Rf3 Bb4 28. a3 Bd2 29. Rb3 Ra2 30. Kf2 Bc1 31. Ke2 a4 32. Rb7 Bxa3 33. Rxc7 Bb2 34. Rc6 Be5 35. Ra6 a3 36. Ra7 Ra1 37. Bd3 Kf6 38. Bb5 Rb1 39. Be8 Rb2 40. h4 Bxg3 41. Rxf7+ Ke5 42. Ra7 a2 43. Bxg6 Kd4 44. h5 Be5 45. h6 c4 46. h7 Kxd5 47. Ra5+ Kd4 48. Rxe5 a1=Q 49. Re4+ Kc5 50. Rh4 Rb8 51. Rh5+ Kb4 52. Rd5 Qf6 0-1


[Site "https://www.chess.com"]

[Event "Titled Tuesday Blitz January 17 Late 2023"]
[White "Rosen, Eric"]
[Black "Kovacs, Klara"]
[WhiteFideId "2032562"]
[BlackFideId "733210"]
[WhiteElo "2349"]
[BlackElo "2121"]
[Result "1-0"]
[Round "01"]
[TimeControl "180+2"]
[Date "2023.01.17"]
[WhiteClock "0:00:21"]
[BlackClock "0:00:12"]

1. d4 e6 2. Bf4 Nf6 3. e3 c5 4. Nf3 b6 5. Nc3 cxd4 6. Nb5 d6 7. Qxd4 Nd5 8. Qc4 a6 9. Nc3 b5 10. Qd3 Nxf4 11. exf4 Be7 12. g3 Bb7 13. Bg2 O-O 14. O-O Nc6 15. Rad1 Rc8 16. Rfe1 Qb6 17. f5 Nb4 18. Qe2 e5 19. a3 Nc6 20. Nd5 Qd8 21. c3 Na5 22. Nd2 f6 23. Qe4 Kh8 24. Qh4 Nc4 25. Nxc4 Rxc4 26. Re4 Rc5 27. Rg4 Re8 28. Qh5 Bf8 29. Nxf6 gxf6 30. Bxb7 Qe7 31. Bd5 Bg7 32. Be6 Rd8 33. Rh4 h6 34. Qg6 d5 35. Rxh6+ Bxh6 36. Qxh6+ Qh7 37. Qxf6+ Qg7 38. Qxd8+ Kh7 39. Qh4+ Qh6 40. Qxh6+ Kxh6 41. Rxd5 1-0


[Site "https://www.chess.com"]

[Event "Titled Tuesday Blitz January 17 Late 2023"]
[White "Degtiarev, Evgeny"]
[Black "Olafsson, Helgi"]
[WhiteFideId "4149610"]
[BlackFideId "2300010"]
[WhiteElo "2385"]
[BlackElo "2491"]
[Result "1-0"]
[Round "01"]
[TimeControl "180+2"]
[Date "2023.01.17"]
[WhiteClock "0:01:09"]
[BlackClock "0:00:58"]

1. d4 Nf6 2. c4 e6 3. g3 d5 4. Nf3 dxc4 5. Bg2 a6 6. O-O Nc6 7. a4 Rb8 8. Bg5 Be7 9. Na3 b5 10. axb5 axb5 11. Nc2 O-O 12. Bxf6 Bxf6 13. e4 Bb7 14. h4 b4 15. e5 Be7 16. Ne3 c3 17. bxc3 bxc3 18. Qd3 Bb4 19. Nc2 Ba5 20. Ng5 g6 21. Bxc6 Bxc6 22. Rxa5 Ra8 23. Rc5 Bb7 24. Ne4 Ba6 25. Qe3 Bxf1 26. Qh6 f5 27. exf6 Bh3 28. Qg7# 1-0


[Site "https://www.chess.com"]

[Event "Titled Tuesday Blitz January 17 Late 2023"]
[White "Andreev, Eduard"]
[Black "rikchessmx"]
[WhiteFideId "14103400"]
[WhiteElo "2413"]
[BlackElo "2289"]
[Result "1-0"]
[Round "01"]
[TimeControl "180+2"]
[Date "2023.01.17"]
[WhiteClock "0:00:08"]
[BlackClock "0:00:52"]

1. e4 e5 2. Nf3 Nc6 3. d4 exd4 4. Nxd4 Qf6 5. Nf3 Bc5 6. Nc3 Nge7 7. Bd3 d6 8. h3 h6 9. O-O Be6 10. Qe2 O-O-O 11. Be3 g5 12. Bxc5 dxc5 13. e5 Qg7 14. Rad1 h5 15. Qe3 g4 16. hxg4 hxg4 17. Nh2 Nd4 18. Rfe1 Nef5 19. Qf4 g3 20. fxg3 Nxg3 21. Ne4 Nh5 22. Qf2 Rdg8 23. c3 Nf4 24. Ng3 Qh6 25. Nhf1 Bd5 26. Be4 Bxe4 27. Rxe4 Nde6 28. Qf3 Qg6 29. Ra4 a6 30. Rxf4 Nxf4 31. Qxf4 Kb8 32. Qe4 Qg5 33. Qf5 Qh4 34. Qf3 Rg7 35. Rd5 Rhg8 36. Rd3 c4 37. Re3 Qe7 38. Nf5 Qc5 39. Nxg7 Rxg7 40. Kf2 b5 41. Ke2 b4 42. e6 fxe6 43. Rxe6 Ka7 44. Re8 Re7+ 45. Rxe7 Qxe7+ 46. Qe3+ Qxe3+ 47. Nxe3 a5 48. Nxc4 Ka6 49. cxb4 Kb5 50. Nxa5 Kxb4 51. Nb3 c5 52. Nxc5 Kxc5 53. Kd3 Kd5 54. g4 1-0


[Site "https://www.chess.com"]

[Event "Titled Tuesday Blitz January 17 Late 2023"]
[White "Romero Ruscalleda, Josep"]
[Black "Carnicelli, Valerio"]
[WhiteFideId "2231859"]
[BlackFideId "856185"]
[WhiteElo "2160"]
[BlackElo "2370"]
[Result "0-1"]
[Round "01"]
[TimeControl "180+2"]
[Date "2023.01.17"]
[WhiteClock "0:00:06"]
[BlackClock "0:00:12"]

1. e4 c5 2. c3 d5 3. exd5 Qxd5 4. d4 cxd4 5. Be3 Nc6 6. cxd4 e6 7. Nc3 Bb4 8. Nf3 Nf6 9. Bd3 O-O 10. O-O Bxc3 11. bxc3 b6 12. Qe2 Bb7 13. Rfd1 Rac8 14. Rac1 Rfd8 15. Bg5 Ne7 16. c4 Qa5 17. Ne5 Ng6 18. Nxg6 hxg6 19. Be3 Qh5 20. Qxh5 Nxh5 21. a4 Nf6 22. a5 bxa5 23. Ra1 Be4 24. Be2 a4 25. Rdc1 Bc6 26. Bd1 Rd7 27. Bxa4 Bxa4 28. Rxa4 Rdc7 29. c5 Nd5 30. Rca1 Rb8 31. h3 Rbb7 32. Ra6 Kf8 33. Kh2 Ke7 34. Kg3 Kf6 35. Kf3 g5 36. R1a3 Kg6 37. g3 Nb4 38. Rd6 Rd7 39. Rxd7 Rxd7 40. Ra4 Nd5 41. Ra6 Kf6 42. Ke4 Rb7 43. Rd6 a5 44. c6 Rc7 45. Rxd5 exd5+ 46. Kxd5 a4 47. Kc5 a3 48. Bc1 a2 49. Bb2 Ke7 50. d5 Ra7 51. d6+ Kd8 52. Ba1 Ra3 53. Kb4 Rd3 54. Kc5 Rd1 55. Bxg7 a1=Q 56. Bxa1 Rxa1 57. Kd5 Rd1+ 58. Ke5 Rc1 59. Kd5 Rc2 60. f4 gxf4 61. gxf4 f5 62. Ke5 Rxc6 63. h4 Kd7 64. h5 Rxd6 65. Kxf5 Ke7 66. Kg5 Kf7 67. h6 Rg6+ 68. Kh5 Rg1 69. f5 Kf6 70. h7 Rh1+ 71. Kg4 Rxh7 72. Kf4 Rh5 73. Ke4 Rxf5 0-1


[Site "https://www.chess.com"]

[Event "Titled Tuesday Blitz January 17 Late 2023"]
[White "Lymar, Vladislav"]
[Black "Abdyzhaparov, Aidar"]
[WhiteFideId "14162180"]
[BlackFideId "13800361"]
[WhiteElo "2119"]
[BlackElo "1978"]
[Result "1-0"]
[Round "01"]
[TimeControl "180+2"]
[Date "2023.01.17"]
[WhiteClock "0:00:03"]
[BlackClock "0:00:01"]

1. e4 d6 2. d4 Nf6 3. Nc3 e5 4. Nf3 Nbd7 5. Bc4 Be7 6. a4 O-O 7. O-O c6 8. h3 b6 9. Re1 a6 10. b4 Bb7 11. Bb2 d5 12. dxe5 dxc4 13. exf6 Nxf6 14. Qe2 b5 15. Rad1 Qc7 16. e5 Nd5 17. Nxd5 cxd5 18. c3 bxa4 19. e6 a5 20. exf7+ Rxf7 21. b5 Bf6 22. Qe6 Qc8 23. Ra1 Qxe6 24. Rxe6 Bc8 25. Re8+ Rf8 26. Rxf8+ Kxf8 27. Rxa4 Bd7 28. Ba3+ Kf7 29. Bb4 axb4 30. Rxa8 bxc3 31. Ne1 Bxb5 32. Ra5 Bc6 33. Rc5 Ba4 34. Rxd5 c2 35. Nxc2 Bxc2 36. Rc5 Bd3 37. Rc7+ Kg6 38. f4 c3 39. g4 c2 40. Kf2 Bb2 41. f5+ 1-0


[Site "https://www.chess.com"]

[Event "Titled Tuesday Blitz January 17 Late 2023"]
[White "Szente Varga, Fruzsina"]
[Black "Liang, Justin"]
[WhiteFideId "712264"]
[BlackFideId "2099942"]
[WhiteElo "2075"]
[BlackElo "2052"]
[Result "0-1"]
[Round "01"]
[TimeControl "180+2"]
[Date "2023.01.17"]
[WhiteClock "0:00:14"]
[BlackClock "0:00:11"]

1. e4 c5 2. Nf3 e6 3. b3 Nf6 4. e5 Nd5 5. Bb2 Nc6 6. Bb5 Nc7 7. Bxc6 dxc6 8. O-O Be7 9. d3 O-O 10. Nbd2 b6 11. Ne4 a5 12. a4 Ba6 13. Qd2 Nd5 14. c4 Nb4 15. d4 cxd4 16. Nxd4 Qc7 17. Rad1 Rad8 18. Qf4 c5 19. Nf3 Nd3 20. Qd2 Bb7 21. Neg5 h6 22. Nh3 Bxf3 23. gxf3 Qc6 24. Kg2 g5 25. Bc3 g4 26. Ng1 gxf3+ 27. Kh1 Bg5 28. Qc2 Qe4 29. Rfe1 Qg4 30. Nxf3 Qxf3+ 31. Kg1 Nf4 0-1


[Site "https://www.chess.com"]

[Event "Titled Tuesday Blitz January 17 Late 2023"]
[White "Korchmar, Vasiliy"]
[Black "Grot, Blazej"]
[WhiteFideId "24131750"]
[BlackFideId "21835845"]
[WhiteElo "2438"]
[BlackElo "1990"]
[Result "1-0"]
[Round "01"]
[TimeControl "180+2"]
[Date "2023.01.17"]
[WhiteClock "0:01:32"]
[BlackClock "0:00:02"]

1. e4 d6 2. d4 Nf6 3. Bd3 Nbd7 4. Nf3 e5 5. c3 Be7 6. O-O c6 7. h3 O-O 8. Re1 b6 9. Nbd2 Bb7 10. Nf1 a6 11. Ng3 Re8 12. Nf5 Bf8 13. Bg5 Qc7 14. Nh2 b5 15. Qf3 d5 16. Nh6+ gxh6 17. Bxf6 Nxf6 18. Qxf6 Bg7 19. Qf5 Bc8 20. Qh5 exd4 21. exd5 Re5 22. Rxe5 Qxe5 23. Qxe5 Bxe5 24. Nf3 Bf6 25. Nxd4 cxd5 26. a3 Bd7 27. f3 Rb8 28. Nb3 Rc8 29. Kf2 Be6 30. Rd1 Kf8 31. Bxh7 Ke7 32. Bb1 Ra8 33. Nd4 Bd7 34. Ba2 Kd6 35. Nc2 a5 36. Bxd5 Rf8 37. Bxf7+ Kc7 38. Bd5 b4 39. axb4 axb4 40. Nxb4 Rb8 41. Be4 Rb6 42. Nd5+ 1-0


[Site "https://www.chess.com"]